 Dungeon Crawl Stone Soup version 0.28.0-45-g0d030f2227 (webtiles) character file.

Game seed: 8380794186187878792

74 101zpm the Chiller (level 4, 0/24 HPs)
             Began as a Deep Elf Ice Elementalist on Apr 20, 2022.
             Slain by a jackal (2 damage)
             ... on level 3 of the Dungeon.
             The game lasted 00:04:08 (1613 turns).

101zpm the Chiller (Deep Elf Ice Elementalist)      Turns: 1613, Time: 00:04:10

Health: 0/24       AC:  3    Str:  5    XL:     4   Next: 10%
Magic:  7/12       EV: 13    Int: 22    God:
Gold:   75         SH:  0    Dex: 15    Spells: 10/11 levels left

rFire   . . .      SeeInvis .   (no weapon)
rCold   . . .      Faith    .   (no shield)
rNeg    . . .      Spirit   .   a - +0 robe
rPois   .          Reflect  .   (no helmet)
rElec   .          Harm     .   (no cloak)
rCorr   .          Rampage  .   c - +0 pair of gloves
Will    .....                   (no boots)
Stlth   ++........              (no amulet)
HPRegen 0.08/turn               (no ring)
MPRegen 0.13/turn               (no ring)

@: very slightly contaminated
A: no striking features
a: no special abilities


You were on level 3 of the Dungeon.
You visited 1 branch of the dungeon, and saw 3 of its levels.

You collected 75 gold pieces.

Inventory:

Missiles
 h - 15 stones
Armour
 a - a +0 robe (worn)
 c - a +0 pair of gloves (worn)
Scrolls
 b - a scroll of immolation {unknown}
 d - a scroll of enchant armour {unknown}
 f - a scroll of identify {unknown}
 g - a scroll of noise {unknown}
 i - a scroll of holy word {unknown}
 j - a scroll of amnesia {unknown}
Potions
 e - a potion of magic {unknown}


   Skills:
 + Level 0.1 Fighting
 + Level 2.7 Dodging
 + Level 2.7 Stealth
 + Level 4.2 Spellcasting
 + Level 5.4 Ice Magic


You had 10 spell levels left.
You knew the following spells:

 Your Spells              Type           Power      Damage    Failure   Level
a - Freeze                Ice            100%       1d11      1%          1

Your spell library contained the following spells:

 Spells                   Type           Power      Damage    Failure   Level
 Frozen Ramparts          Ice            56%        1d7       3%          3
 Ozocubu's Armour         Ice            28%        N/A       3%          3
 Ensorcelled Hibernation  Hex/Ice        32%        N/A       5%          2
 Spider Form              Tmut/Pois      4%         N/A       32%         3
 Hailstorm                Conj/Ice       16%        3d6       34%         4
 Anguish                  Hex/Necr       2%         N/A       73%         4
 Summon Forest            Summ/Tloc      2%         N/A       97%         5
 Summon Mana Viper        Hex/Summ       4%         N/A       97%         5
 Summon Cactus Giant      Summ           2%         N/A       100%        6


Dungeon Overview and Level Annotations

Branches:
Dungeon (3/15)

Altars:
Ru

Annotations:
D:3 2 transporters, Natasha


Message History

The jackal barks! x3
Natasha claws you.
Aiming: Freeze (safe; 1% risk of failure)
Press: ? - help, Q - select action, (/) - cycle Shift-Dir - straight line, f - Natasha
Aim: Natasha You freeze Natasha.
Natasha is moderately wounded.
Natasha casts a spell at you. The magic dart hits you!
Aiming: Freeze (safe; 1% risk of failure)
Press: ? - help, Q - select action, (/) - cycle Shift-Dir - straight line, f/p - Natasha
Aim: Natasha (moderately wounded)
You freeze Natasha!
Natasha is almost dead.
Natasha drinks a potion.
Natasha is healed!
Aiming: Freeze (safe; 1% risk of failure)
Press: ? - help, Q - select action, (/) - cycle Shift-Dir - straight line, f/p - Natasha
Aim: Natasha You freeze Natasha.
Natasha is lightly wounded.
The jackal bites you. Natasha misses you. The jackal closely misses you.
Aiming: Freeze (safe; 1% risk of failure)
Press: ? - help, Q - select action, (/) - cycle Shift-Dir - straight line, f/p - Natasha
Aim: Natasha (lightly wounded)
You freeze Natasha!
Natasha is severely wounded.
The jackal barely misses you. x2; Natasha claws you.
Aiming: Freeze (safe; 1% risk of failure)
Press: ? - help, Q - select action, (/) - cycle Shift-Dir - straight line, f/p - Natasha
Aim: Natasha (severely wounded)
You miscast Freeze.
You are very lightly contaminated with residual magic.
Nothing appears to happen.
The jackal misses you. The jackal barely misses you.
The jackal closely misses you. Natasha casts a spell at you.
The magic dart hits you!
* * * LOW HITPOINT WARNING * * *
The jackal bites you.
You die...

####### .......
....... .......
......h##
......h@##
......hh.##
..........####
####....©....#
#.#######.#
#.#8.©.8#.#########
#.#P./.P#....>.....
#.###+###..########
#.#S...S#..#


You could see Natasha and 3 jackals.

Vanquished Creatures
  An adder (D:2)
  2 worms (D:2)
  A dart slug (D:1)
  3 bats
  5 endoplasms
  2 giant cockroaches
  5 hobgoblins
  2 jackals (D:1)
  3 quokkas (D:2)
  7 ball pythons
  4 frilled lizards
  11 goblins
  A kobold (D:1)
  5 rats
52 creatures vanquished.

Notes
Turn   | Place    | Note
-------+----------+-------------------------------------------
     0 | D:1      | 101zpm the Deep Elf Ice Elementalist began the quest for
                  | the Orb.
     0 | D:1      | Reached XP level 1. HP: 10/10 MP: 6/6
   142 | D:1      | Reached XP level 2. HP: 15/15 MP: 6/8
   206 | D:1      | You fall into a shaft and drop 1 floor!
   313 | D:2      | Reached skill level 5 in Ice Magic
   584 | D:2      | Reached XP level 3. HP: 15/19 MP: 7/9
  1140 | D:2      | Found a faded altar of an unknown god.
  1278 | D:2      | Reached XP level 4. HP: 20/24 MP: 8/12
  1386 | D:2      | Found a sacrificial altar of Ru.
  1577 | D:3      | Found a transporter.
  1594 | D:3      | Found a transporter.
  1605 | D:3      | Noticed Natasha
  1613 | D:3      | Slain by a jackal

Illustrated notes

Levels and vault maps discovered:
D:1:      heliophobic_arrival_ceremonial_halls, layout_rooms
D:2:      kennysheep_the_goblin_king, layout_rooms, basic_altar,
          shapermc_ecumenical_altar_notcrosses
D:3:      gammafunk_steamed_eel, layout_basic, mainiacjoe_overflow_tiny_flanked,
          uniq_ijyb, uniq_jessica, uniq_natasha

Skill      XL: |  1  2  3 |
---------------+----------+-----
Ice Magic      | 5 |  5.4
Spellcasting   | 4 |  4.2
Fighting       | |  0.1
Dodging        | |  2.7
Stealth        | |  2.7

Action                   |  1- 3 |  4- 6 || total
-------------------------+-------+-------++-------
Melee: Unarmed           |     1 |     1 ||     2
 Cast: Freeze            |    59 |    11 ||    70
Armor: Robe              |     6 |       ||     6
Dodge: Dodged            |    27 |     7 ||    34
